 Dungeon Crawl Stone Soup version 0.23-a0-384-g3a68796 (webtiles) character file.

812 JeffiDaFish the Sneak (level 7, 0/32 HPs)
             Began as a Spriggan Enchanter on Oct 27, 2018.
             Was an Initiate of Dithmenos.
             Slain by an orc
             ... wielding a +0 whip
              (2 damage)
             ... on level 5 of the Dungeon.
             The game lasted 00:17:03 (4873 turns).

JeffiDaFish the Sneak (Spriggan Enchanter)          Turns: 4873, Time: 00:17:03

Health: 0/32       AC:  3    Str:  4    XL:     7   Next: 61%
Magic:  1/16       EV: 21    Int: 19    God:    Dithmenos [......]
Gold:   203        SH:  0    Dex: 16    Spells: 11/17 levels left

rFire    . . .     SeeInvis +   a - +2 dagger
rCold    . . .     Gourm    .   (shield restricted)
rNeg     . . .     Faith    .   b - +1 robe
rPois    .         Spirit   .   (helmet restricted)
rElec    .         Reflect  .   c - scarf {cloud immunity}
rCorr    .         Harm     .   (gloves unavailable)
MR       +....                  (boots unavailable)
Stlth    ++++......             f - amulet of regeneration
HPRegen  0.50/turn              (no ring)
MPRegen  0.15/turn              (no ring)

@: slowed, quick
A: very small, unfitting armour, see invisible, herbivore, speed 3, slow
metabolism 2
a: Renounce Religion


You were on level 5 of the Dungeon.
You worshipped Dithmenos.
Dithmenos was noncommittal.
You were hungry.

You visited 1 branch of the dungeon, and saw 5 of its levels.

You collected 203 gold pieces.

Inventory:

Hand Weapons
 a - a +2 dagger (weapon)
Armour
 b - a +1 robe (worn)
 c - a scarf of cloud immunity (worn)
Jewellery
 f - an amulet of regeneration (around neck)
 j - an uncursed ring of protection from cold {unknown}
Wands
 i - a wand of clouds (7)
Scrolls
 e - 4 scrolls of teleportation
 h - a scroll of remove curse
Potions
 g - a potion of ambrosia
Comestibles
 d - a ration


   Skills:
 + Level 3.4 Short Blades
 + Level 5.3 Dodging
 + Level 7.0 Stealth
 * Level 5.9 Spellcasting
 * Level 6.6 Hexes


You had 11 spell levels left.
You knew the following spells:

 Your Spells              Type           Power        Failure   Level  Hunger
a - Corona                Hex            ####...      1%          1    None
b - Ensorcelled Hibernat  Hex/Ice        ###...       4%          2    None
c - Confuse               Hex            ####....     2%          3    ##.....

Your spell library contained the following spells:

 Spells                   Type           Power        Failure   Level  Hunger
 Tukima's Dance           Hex            ####....     2%          3    ##.....
 Dazzling Spray           Conj/Hex       ###...       9%          3    ##.....


Dungeon Overview and Level Annotations

Branches:
Dungeon (5/15)
 Temple: D:4-7

Altars:
Cheibriados
Dithmenos
Elyvilon
Hepliaklqana
Qazlal
Ru
Zin
The Shining One
Beogh

Shops:
D:4 (

Annotations:
D:3 3 runed doors, rjrrt's ghost, amateur TeFE
D:4 3 runed doors, meatyocre's ghost, amateur OpTm


Innate Abilities, Weirdness & Mutations

You are very small and have problems with some larger weapons.
You are too small for most types of armour.
You have supernaturally acute eyesight. (SInv)
You are a herbivore.
You cover ground extremely quickly.
You need to consume almost no food.


Message History

The orc wizard gestures wildly while chanting.
The orc wizard blinks!
The orc priest hits you with a +0 flail.
* * * LOW HITPOINT WARNING * * *
You barely miss the orc priest.
The orc priest is severely wounded.
The orc misses you.
The orc priest hits you with a +0 flail.
* * * LOW HITPOINT WARNING * * *
You hit the orc priest.
The orc priest is almost dead.
A jackal comes into view.
The orc barely misses you. The orc priest barely misses you.
The jackal moves out of view.
The orc hits you with a +0 whip.
* * * LOW HITPOINT WARNING * * *
You hit the orc priest.
The orc priest is almost dead.
The orc priest misses you. The orc hits you with a +0 whip.
You die...

.. .##### #....#
#....# ######....#
#.........#
###.........#####..
#.........ooo......
#..........@....#..
#..[)###........#
#....# ###......#
#....# #......#
#..†.# #......#
#....# #......#
##.### ######## #<#
###


You could see an orc priest, an orc wizard and an orc.

Vanquished Creatures
  Sigmund (D:2)
  A phantom (D:4)
  An ogre (D:4)
  A water moccasin zombie (D:3)
  A centaur zombie (D:5)
  A jelly (D:2)
  An orc priest (D:3)
  2 orc wizards (D:4)
  10 adders
  6 gnolls
  An ooze (D:3)
  6 worms
  A dart slug (D:2)
  3 leopard geckos
  9 orcs
  5 bats
  2 giant cockroaches
  7 goblins
  13 hobgoblins
  10 jackals
  3 quokkas
  A ball python (D:4)
  5 frilled lizards
  11 kobolds
  A leopard gecko skeleton (D:4)
  9 rats
112 creatures vanquished.

Notes
Turn   | Place    | Note
-------+----------+-------------------------------------------
     0 | D:1      | JeffiDaFish the Spriggan Enchanter began the quest for the
                  | Orb.
     0 | D:1      | Reached XP level 1. HP: 9/9 MP: 5/5
   309 | D:1      | Reached XP level 2. HP: 13/13 MP: 6/6
   586 | D:1      | Learned a level 2 spell: Ensorcelled Hibernation
  1784 | D:1      | Reached XP level 3. HP: 13/16 MP: 0/8
  1913 | D:2      | Reached skill level 5 in Stealth
  2491 | D:2      | Reached XP level 4. HP: 21/21 MP: 4/10
  2509 | D:2      | Upgraded the game from 0.23-a0-375-g66a18ee to
                  | 0.23-a0-384-g3a68796
  2516 | D:2      | Noticed Sigmund
  2608 | D:2      | Learned a level 3 spell: Confuse
  2635 | D:2      | Killed Sigmund
  2635 | D:2      | Reached skill level 5 in Hexes
  2635 | D:2      | Reached XP level 5. HP: 24/24 MP: 2/12
  2807 | D:2      | Reached XP level 6. HP: 28/28 MP: 10/13
  3107 | D:3      | Reached skill level 6 in Stealth
  3488 | D:3      | Found a white marble altar of Elyvilon.
  3644 | D:3      | Reached skill level 5 in Spellcasting
  3700 | D:3      | Found a glowing golden altar of the Shining One.
  3759 | D:3      | Found a stormy altar of Qazlal.
  3789 | D:3      | Found a runed gate.
  3789 | D:3      | Found a runed gate.
  3790 | D:3      | Found a runed gate.
  3792 | D:3      | Noticed rjrrt's ghost (amateur TeFE)
  3806 | D:3      | Found a glowing silver altar of Zin.
  3915 | D:3      | Found a roughly hewn altar of Beogh.
  3963 | D:4      | Noticed meatyocre's ghost (amateur OpTm)
  3968 | D:4      | Found a runed gate.
  3968 | D:4      | Found a runed gate.
  3968 | D:4      | Found a runed gate.
  4009 | D:4      | Found Guyweuv's Weapon Shoppe.
  4115 | D:4      | Reached XP level 7. HP: 32/32 MP: 9/15
  4259 | D:4      | Reached skill level 5 in Dodging
  4395 | D:4      | Found a hazy altar of Hepliaklqana.
  4395 | D:4      | Found a shadowy altar of Dithmenos.
  4395 | D:4      | Found a snail-covered altar of Cheibriados.
  4471 | D:4      | Found a sacrificial altar of Ru.
  4508 | D:4      | Became a worshipper of Dithmenos the Shadowed
  4745 | D:5      | Entered Level 5 of the Dungeon
  4767 | D:5      | Reached skill level 7 in Stealth
  4873 | D:5      | Slain by an orc

Vault maps used:
D:1:      dpeg_arrival_pond
D:2:      minmay_strange_pillars, serial_bayou_lake_a, uniq_sigmund
D:3:      elyvilon_altar_3, old_standard_altar, nicolae_overflow_crystal_walls,
          first_ration, biasface_ghost_orc_armoury,
          nicolae_qazlal_general_emergency
D:4:      nicolae_ru_path_of_blood, gammafunk_temple_overflow_claw,
          gammafunk_ghost_split, serial_shops, nicolae_shop_statue_plus
D:5:      serial_shops, shop_statue, portal_sewer_entry_e,
          minmay_misc_feat_plants

Skill      XL: |  1  2  3  4  5  6  7 |
---------------+----------------------+-----
Hexes          | 4 5 6 |  6.6
Spellcasting   | 3 4 5 |  5.9
Stealth        | 5 6 7 |  7.0
Short Blades   | 2 3 |  3.4
Dodging        | 4 5 |  5.3

Action                   |  1- 3 |  4- 6 |  7- 9 || total
-------------------------+-------+-------+-------++-------
Melee: Dagger            |   108 |   236 |    94 ||   438
 Cast: Corona            |    13 |     7 |     2 ||    22
       Ensorcelled Hiber |    28 |    41 |    14 ||    83
       Confuse           |       |     3 |     7 ||    10
  Use: Scroll            |     3 |     3 |     3 ||     9
       Potion            |     4 |     2 |     1 ||     7
 Stab: Sleeping          |    22 |    27 |     6 ||    55
       Confused          |       |     4 |     4 ||     8
       Distracted        |       |     3 |       ||     3
       Invisible         |       |       |     3 ||     3
  Eat: Ration            |       |     1 |     1 ||     2
Armor: Robe              |     8 |    12 |     4 ||    24
Dodge: Dodged            |   110 |   175 |    94 ||   379

Table legend:
 A = Non-vault XP
 B = Vault XP
 C = Vault XP percentage of total XP
 D = Non-vault monster count
 E = Vault monster count
 F = Vault count percentage of total count
                 A         B        C        D         E       F
            +---------+---------+-------+---------+---------+-------
      Total |     929 |     231 |  19.9 |     111 |       1 |   0.9
            +---------+---------+-------+---------+---------+-------
        D:1 |      42 |       0 |   0.0 |      23 |       0 |   0.0
        D:2 |     158 |     231 |  59.4 |      35 |       1 |   2.8
        D:3 |     260 |       0 |   0.0 |      33 |       0 |   0.0
        D:4 |     407 |       0 |   0.0 |      17 |       0 |   0.0
        D:5 |      62 |       0 |   0.0 |       3 |       0 |   0.0
            +---------+---------+-------+---------+---------+-------
